 Dungeon Crawl Stone Soup version 0.31-a0-145-g046c7d2549 (webtiles) character file.

Game seed: 13787606300433169168

52 mopl the Trooper (level 3, 0/45 HPs)
             Began as a Merfolk Fighter on June 5, 2023.
             Slain by a goblin
             ... wielding a +0 club
             ... led by Robin
              (2 damage)
             ... on level 2 of the Dungeon.
             The game lasted 00:01:57 (521 turns).

mopl the Trooper (Merfolk Fighter)                   Turns: 521, Time: 00:01:58

Health: 0/45       AC: 21    Str: 18    XL:     3   Next: 85%
Magic:  3/3        EV:  2    Int:  7    God:
Gold:   39         SH:  6    Dex: 13    Spells: 2/2 levels left

rFire   . . .        a - +0 long sword
rCold   . . .        m - +2 buckler
rNeg    . . .        b - melded +0 scale mail
rPois   +            l - melded +0 helmet
rElec   .            (cloak currently unavailable)
rCorr   .            (gloves currently unavailable)
SInv    .            (boots currently unavailable)
Will    .....        (no amulet)
Stlth   +            (no ring)
HPRegen 0.27/turn    (no ring)
MPRegen 0.08/turn

%: no passive effects
@: tree-form (expiring), invisible
A: stationary, stasis, torment immunity, boosted hp, (nimble swimmer 2),
(mertail)
a: no special abilities


You were on level 2 of the Dungeon.
You were a tree.
You visited 1 branch of the dungeon, and saw 2 of its levels.

You collected 39 gold pieces.

Inventory:

Hand Weapons
 a - a +0 long sword (weapon)
Missiles
 f - 4 poisoned darts (quivered)
Armour
 b - a +0 scale mail (melded)
 l - a +0 helmet (melded)
 m - a +2 buckler (worn)
Scrolls
 c - a scroll of silence {unknown}
 e - 2 scrolls of identify {unknown}
 i - 3 scrolls of fog {unknown}
Potions
 d - a potion of might
 j - a potion of heal wounds {unknown}
 k - a potion of curing {unknown}


   Skills:
 + Level 3.7 Fighting
 * Level 3.6 Long Blades
 + Level 2.4 Armour
 + Level 1.7 Dodging
 - Level 3.0 Shields


You had 2 spell levels left.
You didn't know any spells.
Your spell library was empty.

Dungeon Overview and Level Annotations

Branches:
Dungeon (2/15)

Altars:

Annotations:
D:2 Robin


Innate Abilities, Weirdness & Mutations

You are a tree.
Your roots penetrate the ground, keeping you stationary.
You cannot be teleported.
You are immune to unholy pain and torment.
Your maximum health is greatly increased.
Your equipment is partially melded.
((You are very nimble when in or above water. (Stealth+, EV+, Speed+++)))
((Your lower body shifts to a powerful aquatic tail in water.))


Message History

You block the goblin's attack.
Unknown command.
You hit the goblin.
You kill the goblin!
Robin throws the goblin at you! The goblin barely misses you.
The goblin misses you.
Unknown command.
You closely miss the goblin. You block the goblin's attack.
The goblin hits you but does no damage.
Unknown command.
It was a potion of invisibility.
You fade into invisibility!
The goblin barely misses you. You block the goblin's attack.
It was a potion of lignification.
You turn into a tree.
Your +0 helmet melds into your body.
Your +0 scale mail melds into your body.
Your roots penetrate the ground.
The goblin hits you but does no damage. You block the goblin's attack.
You slash the goblin!
You kill the goblin!
The goblin hits you but does no damage. The goblin hits you with a +0 club.
* * * LOW HITPOINT WARNING * * *
You block the goblin's attack.
You completely miss the goblin. You block the goblin's attack.
The goblin hits you but does no damage.
You hit the goblin.
You kill the goblin!
The hobgoblin no longer looks unusually strong.
Robin roars a battlecry!
The hobgoblin goes into a battle-frenzy!
The goblin hits you but does no damage.
You closely miss the goblin.
The goblin no longer looks unusually strong. x2
The goblin completely misses you.
Robin roars a battlecry!
The goblins go into a battle-frenzy!
You closely miss the goblin.
Your transformation is almost over.
The goblin hits you with a +0 club.
You die...

#.. #..## #.....
##..... ##....)##
##.......## ##
#.........####gg.##
...
+.........)♣gggg...
..
#.........####...#.
.# #.......## ##
.### ##..†..##
....# ##...## .# .#
##'## .##.######.#
...........#
..#.#####..##


You could see Robin (unable to see you), a hobgoblin (strong, unable to see you)
and 4 goblins.

Vanquished Creatures
  An adder (D:2)
  A dart slug (D:1)
  4 endoplasms (D:1)
  2 giant cockroaches
  6 goblins
  4 hobgoblins (D:1)
  4 jackals (D:1)
  3 quokkas
  A ball python (D:1)
  2 bats (D:1)
  3 frilled lizards (D:1)
  2 kobolds (D:1)
  4 rats (D:1)
37 creatures vanquished.

Notes
Turn   | Place    | Note
-------+----------+-------------------------------------------
     0 | D:1      | mopl the Merfolk Fighter began the quest for the Orb.
     0 | D:1      | Reached XP level 1. HP: 18/18 MP: 1/1
     6 | D:1      | Noticed an anaconda
     6 | D:1      | Noticed a scorpion
     7 | D:1      | Noticed a swamp drake
     7 | D:1      | Noticed an iguana
    75 | D:1      | Reached XP level 2. HP: 23/24 MP: 2/2
    83 | D:1      | Reached skill level 1 in Dodging
    85 | D:1      | Reached skill level 3 in Long Blades
   220 | D:1      | Reached XP level 3. HP: 29/29 MP: 3/3
   501 | D:2      | Noticed Robin
   517 | D:2      | HP: 1/45 [goblin/+0 club[Robin] (5)]
   521 | D:2      | Slain by a goblin

Illustrated notes

Levels and vault maps discovered:
D:1:      onia_arrival_zoo_common, layout_rooms
D:2:      layout_loops_corners, dreamdust_ecumenical_altar_angels_and_demons,
          basic_altar, minmay_hexomino_u4, uniq_robin, uniq_sigmund,
          uniq_natasha

Skill      XL: |  1  2 |
---------------+-------+-----
Dodging        | 1 |  1.7
Long Blades    | 3 |  3.6
Fighting       | |  3.7
Armour         | |  2.4
Shields        | |  3.0

Action                     || total
---------------------------++-------
  Melee: Long sword        ||    85
    Use: Potion            ||     2
 Armour: Scale mail        ||    42
         Skin              ||     4
  Dodge: Dodged            ||    35
  Block: Buckler           ||    19

Table legend: (Time is in decaauts)
 A = Elapsed time spent in this place.
 B = Non-inter-level travel time spent in this place.
 C = Inter-level travel time spent in this place.
 D = Time resting spent in this place.
 E = Time spent auto-exploring this place.
 F = Levels seen in this place.
 G = Mean time per level.
                   A        B        C        D        E       F      G
               +--------+--------+--------+--------+--------+-----+--------+
         Total |    543 |    533 |     10 |     56 |    261 |   2 |  271.5 |
       Dungeon |    543 |    533 |     10 |     56 |    261 |   2 |  271.5 |
               +--------+--------+--------+--------+--------+-----+--------+

Top non-repeatable levels by time:
     D:1: 469 daAuts
     D:2: 74 daAuts
